 Dungeon Crawl Stone Soup version bcrawl-1.40.3b (webtiles) character file.

Game seed: 5004556142604397727

269121 Finalfun the Geomancer (level 10, -13/88 HPs)
             Began as a Sand Dwarf Earth Elementalist on Mar 13, 2024.
             Was a Believer of Vehumet.
             Killed from afar by a lindwurm (20 damage)
             ... with a blast of flame
             ... on level 8 of the Dungeon.
             The game lasted 00:36:43 (7883 turns).

Finalfun the Geomancer (SDEE)                       Turns: 7883, Time: 00:36:44

Health: -13/88     AC:  7    Str: 10 (13) XL:     10   Next: 9%
Magic:  2/16       EV: 15    Int: 23 (24) God:    Vehumet [**....]
Gold:   495        SH:  0    Dex: 12 (14) Spells: 8/17 levels left

rFire    + . .     GDR:     29% a - +1 whip (flame)
rCold    + . .     SeeInvis .   (shield restricted)
rNeg     . . .     Gourm    .   A - +1 leather armour of Failure {+Blink Regen+}
rPois    +         Faith    .   w - +0 helmet of the Devil {*Drain MR+++ Regen+ Dex+3}
rElec    .         Spirit   .   s - scarf {rC+ rF+}
rCorr    .         Reflect  .   (no gloves)
MR       ++++.                  u - +0 pair of boots
Stlth    +.........             n - amulet of regeneration
HPRegen  1.10/turn              C - ring of poison resistance (curse)
MPRegen  0.15/turn              (no ring)

@: brilliant, swift, about to teleport, flying, lightly drained, quick
A: small, slowness 1, armour attunement
a: Renounce Religion, Evoke Blink


You were on level 8 of the Dungeon.
You worshipped Vehumet.
Vehumet was pleased with you.
You were hungry.

You visited 2 branches of the dungeon, and saw 9 of its levels.

You collected 495 gold pieces.

Inventory:

Hand Weapons
 a - a +1 whip of flaming (weapon)
 p - a +0 blowgun
 z - a +2 dagger of speed
 F - a +0 hand crossbow
Missiles
 b - 499 stones (quivered)
 q - 122 poisoned needles
 r - 493 arrows
Armour
 c - a +1 ring mail of cold resistance
 s - a scarf of resistance (worn)
 u - a +0 pair of boots (worn)
 w - the +0 helmet of the Devil (worn) {*Drain MR+++ Regen+ Dex+3}
   (You took it off Robin on level 4 of the Dungeon)

   It affects your dexterity (+3).
   It affects your resistance to hostile enchantments.
   It increases your rate of regeneration.
   It causes draining when unequipped.
 A - the +1 leather armour of Failure (worn) {+Blink Regen+}
   (You found it on level 6 of the Dungeon)

   It lets you blink.
   It increases your rate of regeneration.
Jewellery
 n - an amulet of regeneration (around neck)
 C - a cursed ring of poison resistance (left hand)
Wands
 x - a wand of disintegration (9)
 y - a wand of acid (4)
Scrolls
 d - 2 scrolls of teleportation
 h - 3 scrolls of amnesia {unknown}
 l - 4 scrolls of enchant armour
 o - 2 scrolls of blinking {unknown}
 B - 3 scrolls of remove curse
 D - a scroll of torment {unknown}
 E - a scroll of immolation {unknown}
Potions
 f - a potion of flight
 g - 2 potions of curing
 j - a potion of ambrosia {unknown}
 k - 2 potions of mutation
 m - a potion of might {unknown}
 t - a potion of brilliance
 v - a potion of degeneration
 G - a potion of lignification {unknown}
Comestibles
 e - 6 rations {!d}
 i - 2 chunks of flesh


   Skills:
 - Level 8.0(7.9) Fighting
 - Level 8.0(7.9) Maces & Flails
 - Level 6.0(5.9) Armour
 - Level 4.0(3.9) Dodging
 - Level 1.5 Stealth
 - Level 1.1(1.0) Unarmed Combat
 - Level 4.0(3.9) Spellcasting
   Level 0.7 Transmutations
 + Level 8.2 Earth Magic
 - Level 6.0(5.9) Evocations


You had 8 spell levels left.
You knew the following spells:

 Your Spells              Type           Power        Failure   Level  Hunger
a - Sandblast             Erth           ######       1%          1    None
b - Stone Arrow           Conj/Erth      #####.       1%          3    ###....
c - Lee's Rapid Deconstr  Erth           ######....   1%          5    ######.

Your spell library contained the following spells:

 Spells                   Type           Power        Failure   Level  Hunger
 Magic Dart               Conj           ###.         1%          1    None
 Passwall                 Tmut/Erth      #####...     1%          2    None
 Petrify                  Tmut/Erth      #####.....   2%          4    #####..


Dungeon Overview and Level Annotations

Branches:
Dungeon (8/12)             Temple (1/1) D:4
   Lair: D:7-9          Orc: D:8-11

Altars:
Ashenzari
Cheibriados
Dithmenos
Elyvilon
Fedhas
Gozag
Hepliaklqana
Kikubaaqudgha
Makhleb
Nemelex Xobeh
Okawaru
Qazlal
Ru
Sif Muna
Uskayaw
Vehumet
Wu Jian
Xom
Yredelemnul
Zin
The Shining One

Shops:
D:7 %

Annotations:
D:3 exclusion: bullfrog
D:6 1 runed door


Innate Abilities, Weirdness & Mutations

You are small and have problems with some larger weapons.
You cover ground slowly.
Armour does not affect your spellcasting.


Message History

The lindwurm breathes flames at you. You resist. The blast of flame hits you!
The lindwurm breathes flames at you. You resist. The blast of flame hits you!
* * * LOW HITPOINT WARNING * * *
You barely miss the lindwurm.
The lindwurm is severely wounded.
The lindwurm bites you!
* * * LOW HITPOINT WARNING * * *
The lindwurm barely misses you. The lindwurm misses you.
The lindwurm barely misses you.
The lindwurm claws you but does no damage.
The lindwurm closely misses you.
You hit the lindwurm. You burn the lindwurm.
The lindwurm is almost dead.
The lindwurm closely misses you. The lindwurm completely misses you.
The lindwurm barely misses you. The lindwurm breathes flames at you.
You resist. The blast of flame hits you!!
You die...

≈≈≈≈≈≈≈....#..#
§§§§≈§≈≈§§..#.#
≈§≈≈§§§§§§....#
≈§§≈≈≈≈§≈§§...# .§§≈
≈≈§≈≈≈≈§§§§≈..# #..§§§
§.§§.≈≈§≈§≈≈..# .§§§≈≈≈
##...≈≈≈§§≈.# ..≈≈§§§§
.####.k≈≈≈§§§.##
..≈≈§§≈..#.$?.kk@≈§≈§≈§.#
.§§§≈≈≈.##?|[$.#k≈≈≈§§§.#
.≈≈≈≈§≈.##[>[)##.≈≈≈≈≈≈.#
..§≈§§§..#.$[.#..≈≈≈≈≈..#
..≈≈§§≈≈..####.§§§≈§≈≈..#
..≈§§§≈§...##...≈≈≈≈§≈..#
...≈§§≈≈≈≈.§§.≈≈§§§§≈...#
...≈§≈§§§≈≈≈§§≈≈§§≈≈≈...#
....§§§≈§≈≈§§≈§≈≈≈≈≈§...#


You could see 4 lindwurms.

Vanquished Creatures
  Pikel (D:6)
  A meliai zombie (D:7)
  Eustachio (D:4)
  A hungry ghost (D:4)
  A crocodile (D:6)
  A slave (D:6)
  2 orc warriors (D:7)
  2 sky beasts
  4 ogres
  2 phantoms (D:6)
  4 bullfrogs
  Blork the orc (D:6)
  A centaur (D:5)
  A scorpion (D:6)
  4 killer bees (D:7)
  A wight (D:7)
  3 orc priests
  2 howler monkeys
  5 crimson imps
  2 quasits (D:6)
  A jelly (D:6)
  2 hounds
  4 orc wizards
  A bullfrog skeleton (D:3)
  7 worker ants
  A hound zombie (D:7)
  A hound skeleton (D:7)
  Robin (D:4)
  6 adders
  2 shadow imps
  4 worms
  4 leopard geckos
  16 orcs
  5 giant cockroaches
  16 goblins
  4 hobgoblins
  17 jackals
  3 quokkas
  A ball python zombie (D:3)
  6 bats
  2 frilled lizards
  2 gnoll zombies (D:2)
  5 kobolds
  4 rats
155 creatures vanquished.

Notes
Turn   | Place    | Note
-------+----------+-------------------------------------------
     0 | D:1      | Finalfun the Sand Dwarf Earth Elementalist began the quest
                  | for the Orb.
     0 | D:1      | Reached XP level 1. HP: 14/14 MP: 3/3
    80 | D:1      | Reached skill level 1 in Fighting
    80 | D:1      | Reached XP level 2. HP: 23/23 MP: 1/5
   793 | D:2      | Reached XP level 3. HP: 30/30 MP: 0/6
  1025 | D:2      | Learned a level 3 spell: Stone Arrow
  1251 | D:2      | Found a shimmering altar of Xom.
  1437 | D:2      | Reached XP level 4. HP: 27/40 MP: 1/7
  1666 | D:2      | Found a basalt altar of Yredelemnul.
  1888 | D:3      | Reached skill level 5 in Earth Magic
  1888 | D:3      | Reached XP level 5. HP: 27/46 MP: 1/8
  2162 | D:3      | Noticed a bullfrog
  2751 | D:4      | Found a staircase to the Ecumenical Temple.
  2757 | Temple   | Entered the Ecumenical Temple
  2957 | Temple   | Became a worshipper of Vehumet
  3001 | D:4      | Noticed an ogre
  3015 | D:4      | Killed an ogre
  3016 | D:4      | Reached skill level 5 in Fighting
  3016 | D:4      | Reached XP level 6. HP: 56/56 MP: 2/9
  3144 | D:4      | Noticed a sky beast
  3204 | D:4      | Killed a sky beast
  3246 | D:4      | Noticed Eustachio
  3274 | D:4      | Identified the cursed +0 helmet of the Devil {*Drain MR+++
                  | Regen+ Dex+3}
  3274 | D:4      | Noticed Robin
  3308 | D:4      | Killed Robin
  3321 | D:4      | Reached XP level 7. HP: 50/63 MP: 1/10
  3486 | D:4      | Noticed a hungry ghost
  3674 | D:4      | Killed a hungry ghost
  3903 | D:4      | Killed Eustachio
  3969 | D:5      | Entered Level 5 of the Dungeon
  4081 | D:5      | Found an ornate altar of the Wu Jian Council.
  4122 | D:5      | Reached * piety under Vehumet
  4122 | D:5      | Offered knowledge of Freeze by Vehumet.
  4123 | D:5      | Reached skill level 1 in Evocations
  4170 | D:5      | Reached XP level 8. HP: 51/70 MP: 4/11
  4399 | D:5      | Learned a level 5 spell: Lee's Rapid Deconstruction
  5057 | D:6      | Reached skill level 5 in Evocations
  5161 | D:6      | Reached skill level 1 in Armour
  5409 | D:6      | Got a bloodstained leather armour
  5453 | D:6      | Reached XP level 9. HP: 32/75 MP: 2/13
  5468 | D:6      | Reached skill level 5 in Armour
  5613 | D:6      | Noticed Pikel
  5637 | D:6      | Killed Pikel
  5638 | D:6      | Reached skill level 5 in Maces & Flails
  5723 | D:6      | Found a runed door.
  5806 | D:6      | Noticed Blork the orc
  5808 | D:6      | Killed Blork the orc
  5989 | D:6      | Identified the cursed +1 leather armour of Failure {+Blink
                  | Regen+} (You found it on level 6 of the Dungeon)
  6116 | D:6      | Got a slimy pewter amulet
  6598 | D:7      | Found Pazutaass's Food Shop.
  6776 | D:7      | Found a blossoming altar of Fedhas.
  6884 | D:7      | Reached ** piety under Vehumet
  6939 | D:7      | Found a shattered altar of Ashenzari.
  6963 | D:7      | Offered knowledge of Magic Dart by Vehumet.
  7241 | D:7      | Found a sparkling altar of Nemelex Xobeh.
  7497 | D:7      | Found a snail-covered altar of Cheibriados.
  7503 | D:7      | Reached XP level 10. HP: 42/86 MP: 0/16
  7621 | D:7      | Identified the amulet "Geir" {Inacc rF+} (You found it on
                  | level 6 of the Dungeon)
  7872 | D:8      | Noticed a lindwurm
  7873 | D:8      | Noticed a lindwurm
  7877 | D:8      | Noticed a lindwurm
  7877 | D:8      | Noticed a lindwurm
  7883 | D:8      | Killed from afar by a lindwurm

Skill      XL: |  1  2  3  4  5  6  7  8  9 10 |
---------------+-------------------------------+-----
Earth Magic    | 4 5 6 8 |  8.2
Fighting       | 1 2 4 5 6 7 8 |  8.0
Dodging        | 3 4 |  4.0
Evocations     | 2 6 |  6.0
Armour         | 4 6 |  6.0
Maces & Flails | 8 |  8.0
Spellcasting   | 4 |  4.0
Stealth        | |  1.5
Unarmed Combat | |  1.1
Transmutations | |  0.7

Action                   |  1- 3 |  4- 6 |  7- 9 | 10-12 || total
-------------------------+-------+-------+-------+-------++-------
Melee: Dagger            |    59 |    55 |    45 |       ||   159
       Whip              |       |       |    70 |    14 ||    84
 Fire: Blowgun           |       |    35 |    95 |       ||   130
Throw: Stone             |       |       |     6 |       ||     6
 Cast: Sandblast         |    30 |       |    51 |    15 ||    96
       Stone Arrow       |     3 |    17 |    50 |     5 ||    75
       Lee's Rapid Decon |       |       |    18 |     3 ||    21
  Use: Scroll            |     3 |     3 |     3 |     2 ||    11
       Potion            |     1 |       |       |     3 ||     4
 Stab: Distracted        |     1 |       |       |       ||     1
       Sleeping          |       |     2 |     1 |       ||     3
  Eat: Chunk             |     5 |     7 |    28 |     1 ||    41
       Ration            |       |     2 |     3 |     1 ||     6
Armor: Robe              |     8 |    12 |     4 |       ||    24
       Ring mail         |       |       |    22 |       ||    22
       Leather armour    |       |       |    21 |     9 ||    30
Dodge: Dodged            |    65 |    49 |   136 |    35 ||   285
